Yev-Ruu, chaotic female vampiric Convict --- ---- --.-- ------..|# |...| ---------..--.....# |...|---|.............%..|---- |...|...|................|*"!| --..|...-..--|--.........|?!.| --..|...|..|...|..-----..| ..| |...-----..|...|--|(( |..--|--- - |..........|...| |((.-.............- ---..%.....|---| |((.|......- +- | |.----...|(((|+------..{...| ---- |.| +...|(((|.............| ---- |..----.| |...| @.--+-.....---|-- |..--------.).....----...--|-- |..-|-- .. |..........)........|...#....| |..|.. -- ----------.....-....|..#....#----..|..| --.........|-..#.{@...@...|..| |...|.....--..|.@..#.....-------- | |..---........|-...@.................| ---- --------------------------------- Yev-Ruu the Jail-bird Experience level: 8 Strength: 15 Dexterity: 12 Constitution: 20 Intelligence: 12 Wisdom: 9 Charisma: 8 Health: 0(74) Energy: 20(20) AC: -2 Gold: 252 Moves: 3715 Your Inventory: Coins $ - 252 gold pieces Amulets g - an [uncursed] rectangular amulet [of ESP] Armor j - an [uncursed] +0 hard hat [dwarvish iron helm] (being worn) B - an [uncursed] +0 mummy wrapping (being worn) E - an [uncursed] +5 pair of riding gloves [leather] (being worn) F - a [blessed] +1 pair of walking shoes [low] (being worn) G - a cursed -2 small shield (being worn) I - an [uncursed] +0 studded leather armor (being worn) J - an [uncursed +0] hooded cloak [dwarvish] K - an [uncursed +0] hooded cloak [dwarvish] L - an [uncursed +0] hooded cloak [dwarvish] M - an [uncursed +0] large round shield [dwarvish roundshield] N - an [uncursed +0] mummy wrapping Comestibles D - an [uncursed] Hyper Futa Mare Dick named Faith Rings o - a [cursed -1] sapphire ring [of gain wisdom] Tools i - an [uncursed wax] candle t - 5 [uncursed tallow] candles Gems e - 2 [uncursed] yellowish brown gems [worthless glass] q - 2 [uncursed] yellow gems [worthless glass] r - 2 [uncursed] violet gems [worthless glass] u - 2 [uncursed] black gems [worthless glass] v - an [uncursed] orange gem [worthless glass] Spells known in the end: Name Level Category Fail Memory a - remove curse 3 clerical 100% [|||||||.] Your skills at the end: Fighting Skills Weapon Skills sling [Basic / Skilled] Spellcasting Skills Final Attributes: You were devoutly aligned. Hunger level was 130. Your alignment was 16 / 28. Monster difficulty range was 1 - 7. Level difficulty was 6. You were immune to poison. You were immune to level-drain. You were immune to sickness. You could fly. You could survive without air. You regenerated. Your luck was zero. You are dead. Vanquished creatures: an elf mummy a watchman a quivering blob a lizard a housecat a gnome mummy a wood nymph 2 ponies a fog cloud 2 shriekers 4 gnome lords a gnomish wizard 2 gray oozes 6 dwarves a kobold shaman 2 hill orcs a rabid rat an orc zombie a werejackal an iguana 2 killer bees an acid blob 2 coyotes a gas spore a hobbit 2 giant rats a brown mold 2 yellow molds 27 gnomes 3 gnome zombies 5 geckos 5 jackals 2 kobolds a goblin a sewer rat a grid bug a bat a lichen 5 newts 96 creatures vanquished. Voluntary challenges: You went without food. You never hit with a wielded weapon. You read items or engraved 2 times. You put on armor 23 times. You never genocided any monsters. You never polymorphed an object. You never changed form. You used no wishes. You abstained from Elbereth's help. You never encountered a bones level. You never used any Sokoban shortcuts. Dungeon overview: The Dungeons of Doom: levels 1 to 3 Level 1 (Ninfa) a fountain a long staircase Level 2 a general store Level 3 stairs to The Gnomish Mines The Gnomish Mines: levels 4 to 6 Level 4 stairs to The Dungeons of Doom Level 6 <- You were here some shops, some fountains, many trees History has recorded: On T:1 you entered the Dungeons of Doom to retrieve the Amulet of Yendor! On T:273 you reached level 2 of The Dungeons of Doom. On T:885 you advanced to experience level 2. On T:905 you advanced to experience level 3. On T:1056 you advanced to experience level 4. On T:1156 you reached level 3 of The Dungeons of Doom. On T:1265 you reached level 1 of The Gnomish Mines. On T:1286 you advanced to experience level 5. On T:1404 you advanced to experience level 6. On T:1508 you reached level 2 of The Gnomish Mines. On T:1817 you advanced to experience level 7. On T:2131 you reached level 3 of The Gnomish Mines. On T:3456 you advanced to experience level 8. Latest messages: The bolt of cold hits you! You hear the wailing of the Banshee... [HP-22=2] [HP+1=3] Where do you want to travel to? Never mind. [HP+1=4] [HP+1=5] [HP+1=6] [HP+1=7] [HP+1=8] [HP+1=9] [HP+1=10] [HP+1=11] [HP+1=12] The watch captain swings his silver saber. The watch captain misses. The watch captain swings his silver saber. The silver sears your flesh! The watch captain hits! You die... Izchak looks at your corpse, shakes his head, and sighs. Final status: Goodbye Yev-Ruu the Convict... You died in The Gnomish Mines on dungeon level 6 with 4303 points, and 252 pieces of gold, after 3715 moves. You were level 8 with a maximum of 74 hit points when you died.